 Dungeon Crawl Stone Soup version 0.22-a0-601-gb0ed703 (webtiles) character file.

109 galech the Skirmisher (level 4, -10/50 HPs)
             Began as an Ogre Berserker on July 6, 2018.
             Was a Believer of Trog.
             Mangled by Sigmund
             ... wielding a +0 scythe
              (12 damage)
             ... on level 2 of the Dungeon.
             The game lasted 00:02:08 (1855 turns).

galech the Skirmisher (Ogre Berserker)              Turns: 1855, Time: 00:02:09

Health: -10/50     AC:  3    Str: 21    XL:     4   Next: 89%
Magic:  4/4        EV: 10    Int:  8    God:    Trog [**....]
Gold:   60         SH:  0    Dex:  9    Spells: 3/3 levels left

rFire    . . .     SeeInvis .   a - +0 mace
rCold    . . .     Gourm    .   (no shield)
rNeg     . . .     Faith    .   b - +0 animal skin
rPois    .         Spirit   .   (helmet restricted)
rElec    .         Reflect  .   (no cloak)
rCorr    .         Harm     .   (gloves unavailable)
MR       .....                  (boots unavailable)
Stlth    +.........             (no amulet)
HPRegen  0.16/turn              (no ring)
MPRegen  0.09/turn              (no ring)

@: berserk cooldown, slowed, very slow
A: large, unfitting armour, tough skin 1
a: Berserk, Trog's Hand, Renounce Religion


You were on level 2 of the Dungeon.
You worshipped Trog.
Trog was pleased with you.
You were very hungry.

You visited 1 branch of the dungeon, and saw 2 of its levels.

You collected 60 gold pieces.

Inventory:

Hand Weapons
 a - a +0 mace (weapon)
Armour
 b - a +0 animal skin (worn)
Scrolls
 f - a scroll of enchant armour {unknown}
 h - 2 scrolls of identify {unknown}
 j - a scroll of blinking {unknown}
Potions
 d - a potion of brilliance {unknown}
 e - 5 potions of lignification {unknown}
 g - a potion of resistance {unknown}
Comestibles
 c - 2 rations
 i - 10 chunks of flesh


   Skills:
 + Level 5.2 Fighting
 + Level 3.6 Maces & Flails
 + Level 3.3 Dodging
 + Level 0.6 Stealth


You had 3 spell levels left.
You didn't know any spells.
Your spell library was empty.

Dungeon Overview and Level Annotations

Branches:
Dungeon (2/15)

Altars:

Annotations:
D:2 Sigmund


Innate Abilities, Weirdness & Mutations

You are too large for most types of armour.
You have tough skin. (AC +1)


Message History

Something hits you!
You see here the felid corpse of Natasha.
You feel a strong urge to attack something.
You sock something! Something hits you but does no damage.
You barely miss something.
Your skin stops crawling.
You feel less resistant to hostile enchantments.
Something hits you.
* * * LOW HITPOINT WARNING * * *
You sock something! You barely miss something. Something hits you.
* * * LOW HITPOINT WARNING * * *
You closely miss something. You barely miss something.
You are no longer berserk.
You are exhausted.
You feel yourself slow down. Something hits you!
* * * LOW HITPOINT WARNING * * *
You closely miss something. Something hits you!
You die...

#######.# ........# ##
#######.# #. #.# #[
#.# #. #.# #.
#########.#
..####.#####.........#
#..!....{@†..#########
.g####.####### ...
####


There were no monsters in sight!

Vanquished Creatures
  Terence (D:2)
  Natasha (D:2)
  2 adders (D:2)
  2 dart slugs (D:1)
  A leopard gecko (D:2)
  A ball python (D:2)
  2 bats
  3 giant cockroaches (D:1)
  4 goblins
  2 hobgoblins (D:2)
  A quokka (D:2)
  4 frilled lizards
  6 kobolds
  10 rats
40 creatures vanquished.

Notes
Turn   | Place    | Note
-------+----------+-------------------------------------------
     0 | D:1      | galech the Ogre Berserker began the quest for the Orb.
     0 | D:1      | Reached XP level 1. HP: 24/24 MP: 1/1
    90 | D:1      | Reached XP level 2. HP: 24/33 MP: 2/2
   434 | D:1      | Reached ** piety under Trog
   783 | D:1      | Reached XP level 3. HP: 29/41 MP: 3/3
  1706 | D:2      | Reached skill level 5 in Fighting
  1736 | D:2      | Reached XP level 4. HP: 49/50 MP: 4/4
  1776 | D:2      | Noticed Terence
  1793 | D:2      | Killed Terence
  1833 | D:2      | Noticed Natasha
  1835 | D:2      | Noticed Sigmund
  1846 | D:2      | Killed Natasha
  1854 | D:2      | HP: 2/50 [something (10)]
  1855 | D:2      | Mangled by Sigmund

Vault maps used:
D:1:      onia_arrival_larder
D:2:      lemuel_round_altar, uniq_sigmund, uniq_natasha, uniq_terence

Skill      XL: |  1  2  3 |
---------------+----------+-----
Maces & Flails | 3 |  3.6
Dodging        | 3 |  3.3
Fighting       | 5 |  5.2
Stealth        | |  0.6

Action                   |  1- 3 |  4- 6 || total
-------------------------+-------+-------++-------
Melee: Mace              |   132 |    26 ||   158
Invok: Berserk           |     1 |     2 ||     3
       Trog's Hand       |       |     1 ||     1
  Eat: Chunk             |     4 |     1 ||     5
Armor: Animal skin       |    45 |     4 ||    49
Dodge: Dodged            |    66 |     4 ||    70

Table legend:
 A = Spawn XP
 B = Non-spawn XP
 C = Spawn XP percentage of total XP
 D = Spawn monster count
 E = Non-spawn monster count
 F = Spawn count percentage of total count
 G = Total turns spent on level
                    A         B        C        D         E        F      G
               +---------+---------+-------+---------+---------+-------+---------
         Total |       0 |     156 |   0.0 |       0 |      40 |   0.0 |  1855
               +---------+---------+-------+---------+---------+-------+---------
           D:1 |       0 |      39 |   0.0 |       0 |      24 |   0.0 |  1382
           D:2 |       0 |     117 |   0.0 |       0 |      16 |   0.0 |   473
               +---------+---------+-------+---------+---------+-------+---------
